 Dungeon Crawl Stone Soup version 0.27-a0-287-gd4424db430 (webtiles) character file.

Game seed: 11124171673358496163

56 Anon1729 the Scratcher (level 3, 0/15 HPs)
             Began as a Felid Transmuter on Feb 8, 2021.
             Succumbed to an adder's poison
             ... on level 2 of the Dungeon.
             The game lasted 00:03:52 (2068 turns).

Anon1729 the Scratcher (Felid Transmuter)           Turns: 2068, Time: 00:03:52

Health: 0/15       AC:  1    Str:  6    XL:     3   Next: 71%
Magic:  5/7        EV: 18    Int: 15    God:
Gold:   66         SH:  0    Dex: 16    Spells: 3/6 levels left
                                        Lives:  0   Deaths: 0

rFire    . . .     SeeInvis +     - Unarmed
rCold    . . .     Faith    .   (shield unavailable)
rNeg     . . .     Spirit   .   (armour unavailable)
rPois    .         Reflect  .   (helmet unavailable)
rElec    .         Harm     .   (cloak unavailable)
rCorr    .         Rampage  .   (gloves unavailable)
Will     .....                  (boots unavailable)
Stlth    ++........             (no amulet)
HPRegen  0.05/turn              (no ring)
MPRegen  0.10/turn              (no ring)

@: lethally poisoned (0 -> -5), appendages (expiring), quick
A: very small, no armour, no weapons or thrown items, stealth, claws 1, fangs 3,
horns 2, see invisible, speed 1, shaggy fur 1, sharp paws
a: End Transformation


You were on level 2 of the Dungeon.
You had grown temporary horns.
You visited 1 branch of the dungeon, and saw 2 of its levels.

You collected 66 gold pieces.

Inventory:

Scrolls
 a - a scroll of amnesia {unknown}
 b - a scroll of random uselessness {unknown}
 c - a scroll of magic mapping {unknown}
 d - 3 scrolls of identify {unknown}


   Skills:
 + Level 1.5 Fighting
 + Level 3.2 Dodging
 * Level 3.5 Unarmed Combat
 + Level 2.2 Spellcasting
 * Level 3.0 Transmutations


You had 3 spell levels left.
You knew the following spells:

 Your Spells              Type           Power        Failure   Level
a - Beastly Appendage     Tmut           20%          6%          1
b - Wereblood             Tmut           10%          10%         2

Your spell library contained the following spells:

 Spells                   Type           Power        Failure   Level
 Spider Form              Tmut/Pois      3%           34%         3
 Ice Form                 Ice/Tmut       6%           75%         4
 Blade Hands              Tmut           5%           86%         5


Dungeon Overview and Level Annotations

Branches:
Dungeon (2/15)

Altars:
Okawaru


Innate Abilities, Weirdness & Mutations

You cannot wear armour.
You are incapable of wielding weapons or throwing items.
Your paws allow you to move quietly. (Stealth)
You have sharp claws.
You have razor-sharp teeth.
You have supernaturally acute eyesight. (SInv)
You cover ground quickly.
You are covered in fur. (AC +1)
Your sharp claws are effective at attacking unaware monsters.
You have a pair of horns on your head.


Message History

* * * LOW HITPOINT WARNING * * *
You feel sick. The adder closely misses you.
You scratch the adder but do no damage. The adder barely misses you. x2
You aren't carrying any potions.
Unknown command.
You miss the adder.
* * * LOW HITPOINT WARNING * * *
You feel sick. The adder misses you.
You scratch the adder but do no damage. The adder misses you.
You scratch the adder.
The adder is lightly wounded.
The adder misses you.
Your magical contamination has completely faded away.
You miss the adder.
The adder is lightly wounded.
The adder bites you.
* * * LOW HITPOINT WARNING * * *
You scratch the adder.
The adder is moderately wounded.
You die...

>##.######...#
.##.#....#...# ....##
.†.......#...# .....##
..##.....#...# ......#
..###........# ......#
.........#...## .......
..###....#....###.......
..# #.#.##....##S......#
..# #.#.##.....#@......#
..# #.#.######.........#
#.... ##.......#. ###..
##.....## ....### #.....
.<.##.. ...# .## ... #


You could see an adder.

Vanquished Creatures
  2 adders (D:2)
  3 dart slugs (D:1)
  3 bats (D:1)
  A giant cockroach (D:1)
  8 hobgoblins
  3 jackals (D:1)
  2 frilled lizards (D:1)
  3 goblins (D:1)
  2 kobolds (D:1)
  4 rats (D:1)
31 creatures vanquished.

Notes
Turn   | Place    | Note
-------+----------+-------------------------------------------
     0 | D:1      | Anon1729 the Felid Transmuter began the quest for the Orb.
     0 | D:1      | Reached XP level 1. HP: 9/9 MP: 4/4
   554 | D:1      | Reached XP level 2. HP: 12/12 MP: 4/6
   567 | D:1      | Learned a level 2 spell: Wereblood
   934 | D:1      | Found an iron altar of Okawaru.
  1308 | D:1      | Reached XP level 3. HP: 15/15 MP: 5/7
  2068 | D:2      | Succumbed to an adder's poison

Illustrated notes

Levels and vault maps discovered:
D:1:      amcnicky_arrival_feature_with_door, layout_basic, serial_glass,
          glass_columns_c, glass_columns_a, glass_columns_c, glass_columns_a,
          kennysheep_pointless_box, okawaru_ov_weapons_minmay
D:2:      layout_rooms, chequers_ecumenical_altar_lobes, minmay_misc_feat_roman,
          nrook_mini_backslash, small_statue_intersection, minmay_misc_feat_iff,
          lemuel_tele_altar, uniq_natasha, uniq_jessica, uniq_crazy_yiuf_cottage

Skill      XL: |  1  2  3 |
---------------+----------+-----
Dodging        | 3 |  3.2
Transmutations | 3 |  3.0
Fighting       | |  1.5
Unarmed Combat | |  3.5
Spellcasting   | |  2.2

Action                   || total
-------------------------++-------
Melee: Unarmed           ||   105
       Headbutt          ||    13
       Bite              ||     7
       Punch             ||     2
 Cast: Beastly Appendage ||    24
  Use: Potion            ||     1
 Stab: Sleeping          ||     1
Armor: Skin              ||     7
Dodge: Dodged            ||    76

Table legend: (Time is in decaauts)
 A = Elapsed time spent in this place.
 B = Non-inter-level travel time spent in this place.
 C = Inter-level travel time spent in this place.
 D = Time resting spent in this place.
 E = Time spent auto-exploring this place.
 F = Levels seen in this place.
 G = Mean time per level.
                   A        B        C        D        E       F      G
               +--------+--------+--------+--------+--------+-----+--------+
         Total |   1890 |   1869 |     21 |    492 |    999 |   2 |  945.0 |
       Dungeon |   1890 |   1869 |     21 |    492 |    999 |   2 |  945.0 |
               +--------+--------+--------+--------+--------+-----+--------+

Top non-repeatable levels by time:
     D:1: 1628 daAuts
     D:2: 261 daAuts
